 Dungeon Crawl Stone Soup version 0.31-a0-881-ge136f0c (webtiles) character file.

Game seed: 9791919616854255078

272 Meow the Conjurer (level 6, 46/49 HPs)
             Began as a Naga Conjurer on Oct 15, 2023.
             Quit the game on level 3 of the Dungeon.
             The game lasted 00:06:19 (2123 turns).

Meow the Conjurer (Naga Conjurer)                   Turns: 2123, Time: 00:06:19

Health: 46/49      AC:  7    Str:  9    XL:     6   Next: 23%
Magic:  8/12       EV: 10    Int: 20    God:
Gold:   79         SH:  0    Dex: 16    Spells: 6/13 levels left

rFire   . . .        a - +0 sling
rCold   . . .        (no shield)
rNeg    . . .        c - +0 robe
rPois   +            (no helmet)
rElec   .            (no cloak)
rCorr   .            (no gloves)
SInv    +            (no barding)
Will    .....        (no amulet)
Stlth   ++           h - +6 ring of dexterity
HPRegen 0.28/turn    o - +4 ring of protection
MPRegen 0.13/turn

%: no passive effects
@: very slow
A: AC +2, large, see invisible, deformed body, poison resistance, slowness 2,
spit poison 1, naga tail 1
a: Spit Poison


You were on level 3 of the Dungeon.
You visited 1 branch of the dungeon, and saw 4 of its levels.

You collected 79 gold pieces.

Inventory:

Hand Weapons
 a - a +0 sling (weapon)
 b - a +0 dagger
Missiles
 p - 9 stones
Armour
 c - a +0 robe (worn)
Jewellery
 h - a +6 ring of dexterity (left hand)
 o - a +4 ring of protection (right hand)
 s - a ring of ice
Wands
 r - a wand of digging (6)
Scrolls
 f - 2 scrolls of fear {unknown}
 g - a scroll of noise {unknown}
 m - 2 scrolls of poison {unknown}
 n - a scroll of enchant weapon {unknown}
Potions
 d - 5 potions of mutation {unknown}
 e - a potion of haste {unknown}
 i - a potion of heal wounds {unknown}
 j - a potion of invisibility {unknown}
 k - a potion of magic
 l - 2 potions of enlightenment {unknown}
 q - a potion of might {unknown}


   Skills:
 - Level 1.5 Dodging
 + Level 3.0 Stealth
 + Level 4.3 Spellcasting
 + Level 5.9 Conjurations


You had 6 spell levels left.
You knew the following spells:

 Your Spells              Type           Power      Damage    Failure   Level
a - Magic Dart            Conj           100%       1d8       1%          1
b - Searing Ray           Conj           54%        2d6       1%          2
B - Iskenderun's Mystic   Conj/Tloc      16%        2d5       36%         4

Your spell library contained the following spells:

 Spells                   Type           Power      Damage    Failure   Level
 Dazzling Flash           Conj/Hex       32%        N/A       11%         3
 Lesser Beckoning         Tloc           8%         N/A       19%         2
 Gell's Gravitas          Tloc           4%         N/A       36%         3
 Inner Flame              Hex/Fire       4%         N/A       36%         3
 Teleport Other           Tloc           4%         N/A       36%         3
 Fulminant Prism          Conj/Hex       8%         3d6       36%         4
 Yara's Violent Unravell  Hex/Tmut       2%         3d3       98%         5
 Enfeeble                 Hex            2%         N/A       100%        7
 Haunt                    Necr/Summ      2%         N/A       100%        7
 Borgnjor's Revivificati  Necr           2%         N/A       100%        8
 Death's Door             Necr           2%         N/A       100%        9


Dungeon Overview and Level Annotations

Branches:
Dungeon (4/15)
 Temple: D:4-7

Altars:
Ashenzari
Ru
The Shining One


Innate Abilities, Weirdness & Mutations

Your serpentine skin is tough. (AC +2)
You have supernaturally acute eyesight. (SInv)
Armour fits poorly on your strangely shaped body.
Your system is resistant to poisons. (rPois)
You cover ground very slowly.
You can spit poison.
You have a snake-like lower body.


Message History

Adjust to which letter?
B - Iskenderun's Mystic Blast
There is an open door here.
You see here a +0 scale mail.
Things that are here:
a +0 club; a +0 ring mail; an orc skeleton An orc priest comes into view.
It is wielding a +0 hand axe.
Aiming: Spit Poison (1% risk of failure)
Press: ? - help, Shift-Dir - straight line, f - orc priest
Aim: an orc priest, wielding a +0 hand axe (wandering, hasn't noticed you, 59% to hit)
The splash of poison hits the orc priest.
The orc priest is poisoned.
The orc priest is moderately wounded.
The orc priest shouts!
Casting: Magic Dart (safe; 1% risk of failure)
Confirm with . or Enter, or press ? or * to list all spells.
Aiming: Searing Ray (safe; 1% risk of failure)
Press: ? - help, Shift-Dir - straight line, f/p - orc priest
Aim: an orc priest, wielding a +0 hand axe (moderately wounded, poisoned, 79% to hit)
The searing ray hits the orc priest.
The orc priest is severely wounded. (Press . to maintain the ray.)
The searing ray misses the orc priest.
The orc priest hits you with a +0 hand axe.
The searing ray hits the orc priest.
You kill the orc priest!
You have got your breath back.
Found a stone staircase leading up.
A bat comes into view.
The bat moves out of view.
You see here a +0 hand axe.
Found a +6 ring of dexterity.
Casting: Searing Ray (safe; 1% risk of failure)
Confirm with . or Enter, or press ? or * to list all spells.
Aiming: Magic Dart (safe; 1% risk of failure)
Press: ? - help, Shift-Dir - straight line, f - bat
Aim: a bat (wandering, hasn't noticed you, 100% to hit)
The magic dart hits the bat but does no damage.
Unknown command.
Are you sure you want to abandon this character and quit the game? (Confirm with "yes".)

[...###.....
###.....#### # #.#
#..)##### ....= ..#..#
.#...# ..##.######
.<.... ..##......#####
#....!.
..#######.....###.......
..# #####.##..#..... 8##
#.).@...b... .#
#.....###....# ....
............ ... ##...
#####.####.... # ... #..
.#..# ## .... # .# .....
# ...##


You could see a bat.

Vanquished Creatures
  A scorpion (D:4)
  An orc priest (D:3)
  2 iguanas (D:4)
  Natasha (twice) (D:2)
  3 adders
  An adder skeleton (D:2)
  A dart slug (D:4)
  3 orcs
  3 ball pythons
  A bat zombie (D:2)
  2 giant cockroaches
  5 goblins
  3 hobgoblins
  7 jackals (D:4)
  4 kobolds
  3 quokkas
  2 ball python zombies (D:2)
  3 bats
  4 frilled lizards
  4 rats
55 creatures vanquished.

Notes
Turn   | Place    | Note
-------+----------+-------------------------------------------
     0 | D:1      | Meow the Naga Conjurer began the quest for the Orb.
     0 | D:1      | Reached XP level 1. HP: 15/15 MP: 3/3
   153 | D:1      | Reached XP level 2. HP: 22/22 MP: 3/5
   158 | D:1      | Learned a level 2 spell: Searing Ray
   607 | D:1      | Found a faded altar of an unknown god.
   720 | D:2      | Found a glowing golden altar of the Shining One.
   810 | D:2      | Noticed Natasha
   827 | D:2      | Killed Natasha
   828 | D:2      | Reached XP level 3. HP: 27/28 MP: 1/7
   963 | D:2      | Noticed Natasha
  1060 | D:2      | Reached XP level 4. HP: 36/36 MP: 6/8
  1181 | D:2      | Killed Natasha
  1186 | D:2      | Reached skill level 5 in Conjurations
  1264 | D:2      | You fall into a shaft and drop 2 floors!
  1271 | D:4      | Noticed a scorpion
  1327 | D:4      | Killed a scorpion
  1328 | D:4      | Reached XP level 5. HP: 42/42 MP: 5/10
  1382 | D:4      | Found a broken altar of Ashenzari.
  1571 | D:4      | Found a sacrificial altar of Ru.
  1784 | D:4      | Reached XP level 6. HP: 49/49 MP: 7/12
  2054 | D:3      | Found a glowing golden altar of the Shining One.
  2073 | D:3      | Learned a level 4 spell: Iskenderun's Mystic Blast
  2123 | D:3      | Quit the game

Illustrated notes

Levels and vault maps discovered:
D:1:      lemuel_arrival_broad_hall, layout_basic, ebering_ecumenical_altar_hall
D:2:      minmay_diamond_boxcup, layout_loops_ring, basic_altar,
          dilly_guarded_unrand_morg, uniq_natasha
D:3:      layout_rooms, nicolae_tso_swordbearing_angel,
          grunt_temple_overflow_diamond, grunt_ministairs_1, hellmonk_no_cap,
          uniq_grinder
D:4:      layout_basic, nicolae_overflow_crystal_walls, general_overflow_altar,
          lemuel_crystal_altar, minmay_temple_entry_crystal_x

Skill      XL: |  1  2  3  4  5 |
---------------+----------------+-----
Spellcasting   | 3 4 |  4.3
Conjurations   | 5 |  5.9
Dodging        | |  1.5
Stealth        | |  3.0

Action                     |  1- 3 |  4- 6 || total
---------------------------+-------+-------++-------
  Melee: Dagger            |     4 |       ||     4
   Fire: Sling             |       |     2 ||     2
   Cast: Magic Dart        |    24 |    13 ||    37
         Searing Ray       |     1 |    12 ||    13
Ability: Spit Poison       |    14 |    18 ||    32
 Armour: Robe              |    17 |    20 ||    37
  Dodge: Dodged            |    17 |     6 ||    23

Table legend: (Time is in decaauts)
 A = Elapsed time spent in this place.
 B = Non-inter-level travel time spent in this place.
 C = Inter-level travel time spent in this place.
 D = Time resting spent in this place.
 E = Time spent auto-exploring this place.
 F = Levels seen in this place.
 G = Mean time per level.
                   A        B        C        D        E       F      G
               +--------+--------+--------+--------+--------+-----+--------+
         Total |   2635 |   2517 |    118 |    683 |   1430 |   4 |  658.8 |
       Dungeon |   2635 |   2517 |    118 |    683 |   1430 |   4 |  658.8 |
               +--------+--------+--------+--------+--------+-----+--------+

Top non-repeatable levels by time:
     D:1: 860 daAuts
     D:4: 757 daAuts
     D:2: 736 daAuts
     D:3: 281 daAuts
